 Dungeon Crawl Stone Soup version 0.31-a0-188-g5e087ee2ca (webtiles) character file.

Game seed: 7450472923194104734

406 qw the Skirmisher (level 6, 0/37 HPs)
             Began as a Deep Elf Hunter on June 23, 2023.
             Slain by a gnoll
             ... wielding a +0 whip
              (7 damage)
             ... on level 4 of the Dungeon.
             The game lasted 00:01:01 (2305 turns).

qw the Skirmisher (Deep Elf Hunter)                 Turns: 2305, Time: 00:01:01

Health: 0/37       AC:  6    Str: 10    XL:     6   Next: 56%
Magic:  8/8        EV:  9    Int: 14    God:
Gold:   72         SH:  0    Dex: 18    Spells: 5/5 levels left

rFire   . . .        Y - +1 hand crossbow (heavy)
rCold   + . .        (no shield)
rNeg    . . .        m - +0 scale mail {rC+}
rPois   +            (no helmet)
rElec   .            (no cloak)
rCorr   .            (no gloves)
SInv    +            (no boots)
Will    .....        (no amulet)
Stlth   +            h - ring of see invisible
HPRegen 0.26/turn    i - ring of poison resistance
MPRegen 0.11/turn

%: no passive effects
@: no status effects
A: no striking features
a: no special abilities


You were on level 4 of the Dungeon.
You visited 1 branch of the dungeon, and saw 4 of its levels.

You collected 154 gold pieces.
You spent 82 gold pieces at shops.


   Skills:
 - Level 3.2 Fighting
 + Level 9.1 Ranged Weapons
 - Level 1.0 Armour
 - Level 2.4 Dodging
 - Level 1.2 Stealth


You had 5 spell levels left.
You didn't know any spells.
Your spell library was empty.

Inventory:

Hand Weapons
 Y - a +1 heavy hand crossbow (weapon)
Armour
 e - a +0 pair of gloves
 j - a +0 ring mail
 m - a +0 scale mail of cold resistance (worn)
Jewellery
 h - a ring of see invisible (left hand)
 i - a ring of poison resistance (right hand)
Scrolls
 b - a scroll of enchant armour
 f - 2 scrolls of identify
 g - a scroll of fog {unknown}
 l - 4 scrolls of teleportation
Potions
 a - a potion of might
 c - a potion of degeneration {unknown}
 d - 2 potions of curing {unknown}
 k - a potion of cancellation
 n - a potion of attraction {unknown}

Dungeon Overview and Level Annotations

Branches:
Dungeon (4/15)
 Temple: D:4-7

Altars:

Shops:
D:4 *


Message History

The hobgoblin shouts!
Enter note:
Enter note:
Enter note:
Enter note:
Enter note:
Enter note:
Enter note:
Enter note:
Enter note: You shoot a bolt.
The bolt hits the hobgoblin!!!
You kill the hobgoblin!
Your Armour skill increases to level 1!
As you open the door, it creaks loudly!
There is an open door here.
You see here a hobgoblin corpse.
You open the door. 2 gnolls come into view.
The gnoll shouts!
The gnoll hits you from afar with a +0 halberd.
Found a sling and a buckler.
Enter note:
Enter note:
Enter note:
Enter note:
Enter note:
Enter note:
Enter note:
Enter note:
Enter note: You shoot a bolt.
The bolt closely misses the gnoll.
The gnoll closely misses you.
The gnoll hits you from afar with a +0 halberd!
You shoot a bolt. The bolt hits the gnoll!
The gnoll is almost dead.
The gnoll hits you with a +0 whip.
The gnoll hits you from afar with a +0 halberd.
The gnoll hits you from afar with a +0 halberd!
The gnoll hits you with a +0 whip!
You die...

#.....# #.<.....###..## ####...
#.......###..#
###..#......<..#..#
#.#.....)......# ####
.#####....##..# ...
...............# ..####
#######........#......### ..'(.#
#..)..####+###.##........
..#..#+##..#..#.@g)..#..#).......
..#..#(.#).####..#g.[#...........
.##)##..#'##..#%######...........
.#...#)##...)....'..#............
.#...'.....##)##.#..#............
.#####..####...#.#####....###....
..# #..# #...#..#..#...#....##.
..# #..# +...#..#..#.....####..
..##+#.#########.##)##...### #.#


You could see 2 gnolls.

Vanquished Creatures
  Sigmund (D:4)
  A black bear (D:3)
  2 orc wizards (D:4)
  A gnoll (D:1)
  A worm (D:3)
  3 dart slugs
  7 orcs (D:4)
  3 ball pythons
  3 endoplasms
  7 goblins
  12 hobgoblins
  6 jackals (D:3)
  2 quokkas
  3 bats
  2 frilled lizards
  18 kobolds
  6 rats
78 creatures vanquished.

Notes
Turn   | Place    | Note
-------+----------+-------------------------------------------
     0 | D:1      | qw the Deep Elf Hunter began the quest for the Orb.
     0 | D:1      | Reached XP level 1. HP: 12/12 MP: 3/3
     0 | D:1      | 0 ||| qw: Version: 0.3-a-9-g12657ce
     0 | D:1      | 0 ||| qw: Game counter: 4044
     0 | D:1      | 0 ||| qw: Always use a shield: true
     0 | D:1      | 0 ||| qw: God list: Okawaru
     0 | D:1      | 0 ||| qw: Allow faded altars: false
     0 | D:1      | 0 ||| qw: Do Orc after D:15 true
     0 | D:1      | 0 ||| qw: Do second Lair branch before Depths: true
     0 | D:1      | 0 ||| qw: Lair rune preference: random
     0 | D:1      | 0 ||| qw: Plans: Normal
     0 | D:1      | 0 ||| PLANNING D:1-11
    20 | D:1      | 20 ||| FLEEEEING.
    21 | D:1      | 21 ||| FLEEEEING.
    35 | D:1      | 35 ||| FLEEEEING.
    87 | D:1      | Reached XP level 2. HP: 16/16 MP: 4/4
   102 | D:1      | Reached skill level 6 in Ranged Weapons
   346 | D:1      | HP: 2/16 [gnoll/+0 flail (4)]
   429 | D:1      | Reached XP level 3. HP: 20/20 MP: 5/5
   708 | D:1      | 708 ||| READING scroll labelled UHOCU GISOHOATZ.
   709 | D:1      | 709 ||| READING scroll labelled FOQAIN DAPPIU.
   714 | D:1      | 714 ||| READING scroll labelled NIONIMOECS.
   715 | D:1      | 715 ||| DROPPING scroll of butterflies.
   802 | D:2      | Reached skill level 7 in Ranged Weapons
   931 | D:2      | 931 ||| SWAPPING to +1 hand crossbow of flaming.
   932 | D:2      | 932 ||| DROPPING +0 shortbow.
  1201 | D:2      | 1201 ||| UPGRADING to ring of see invisible.
  1202 | D:2      | 1202 ||| UPGRADING to ring of poison resistance.
  1203 | D:2      | 1203 ||| READING scroll labelled INAEXOE TAUC.
  1719 | D:3      | 1719 ||| UPGRADING to +0 ring mail.
  1729 | D:3      | 1729 ||| DROPPING +0 leather armour.
  1730 | D:3      | 1730 ||| UPGRADING to +0 scale mail of cold resistance.
  1740 | D:3      | 1740 ||| DROPPING +6 ring of intelligence.
  1741 | D:3      | 1741 ||| READING scroll labelled DONOQIN SINAJ.
  1742 | D:3      | 1742 ||| READING 4 scrolls of identify.
  1742 | D:3      | 1742 ||| IDENTIFYING lumpy black potion
  1743 | D:3      | 1743 ||| READING 3 scrolls of identify.
  1743 | D:3      | 1743 ||| IDENTIFYING sedimented yellow potion
  1744 | D:3      | 1744 ||| READING 2 scrolls of identify.
  1744 | D:3      | 1744 ||| IDENTIFYING fizzy yellow potion
  1745 | D:3      | 1745 ||| DROPPING potion of magic.
  1746 | D:3      | 1746 ||| DROPPING potion of berserk rage.
  1769 | D:4      | Noticed a black bear
  1769 | D:4      | Found Ciytrijy's General Store.
  1773 | D:4      | 1773 ||| STAIRDANCE
  1775 | D:3      | Killed a black bear
  1776 | D:3      | Reached skill level 8 in Ranged Weapons
  1776 | D:3      | Reached XP level 4. HP: 13/25 MP: 6/6
  1776 | D:3      | Reached XP level 5. HP: 15/29 MP: 7/7
  1833 | D:4      | 1833 ||| BUYING scroll of enchant armour (82 gold).
  1833 | D:4      | Bought a scroll of enchant armour for 82 gold pieces
  1833 | D:4      | 1833 ||| SHOPLISTING scroll of teleportation (33 gold, have
                  | 15).
  1859 | D:4      | Reached skill level 9 in Ranged Weapons
  1925 | D:4      | Noticed Sigmund
  1927 | D:4      | 1927 ||| FLEEEEING.
  1928 | D:4      | 1928 ||| STAIRDANCE
  1944 | D:3      | 1944 ||| READING scroll labelled AJOTISTROIN.
  1945 | D:3      | 1945 ||| READING 2 scrolls of identify.
  1945 | D:3      | 1945 ||| IDENTIFYING red potion
  1948 | D:4      | Killed Sigmund
  1949 | D:4      | Reached skill level 3 in Fighting
  1949 | D:4      | Reached XP level 6. HP: 37/37 MP: 8/8
  2297 | D:4      | Reached skill level 1 in Armour
  2305 | D:4      | HP: 7/37 [gnoll/+0 halberd (8)]
  2305 | D:4      | Slain by a gnoll

Levels and vault maps discovered:
D:1:      heliophobic_arrival_ceremonial_halls, layout_loops_ring
D:2:      layout_rooms, hangedman_abyss_or_decor_stabs, dk_noncrumbling_3
D:3:      layout_loops_ring
D:4:      corexii_shantytown, layout_rooms, serial_shops, nicolae_stop_n_shop_1,
          dk_noncrumbling_4, uniq_sigmund

Skill      XL: |  1  2  3  4  5  6 |
---------------+-------------------+-----
Ranged Weapons | 6 8 9 |  9.1
Fighting       | 3 |  3.2
Armour         | 1 |  1.0
Dodging        | |  2.4
Stealth        | |  1.2

Action                     |  1- 3 |  4- 6 || total
---------------------------+-------+-------++-------
   Fire: Shortbow          |    96 |       ||    96
         Hand crossbow     |    25 |    68 ||    93
    Use: Scroll            |     8 |     2 ||    10
 Armour: Leather armour    |     9 |       ||     9
         Scale mail        |    10 |    33 ||    43
  Dodge: Dodged            |    26 |    44 ||    70

Table legend:
 A = Non-vault XP
 B = Vault XP
 C = Vault XP percentage of total XP
 D = Non-vault monster count
 E = Vault monster count
 F = Vault count percentage of total count
                 A         B        C        D         E       F
            +---------+---------+-------+---------+---------+-------
      Total |     319 |     261 |  45.0 |      57 |      21 |  26.9
            +---------+---------+-------+---------+---------+-------
        D:1 |      48 |       0 |   0.0 |      22 |       0 |   0.0
        D:2 |      19 |       0 |   0.0 |      10 |       0 |   0.0
        D:3 |     163 |       0 |   0.0 |      15 |       0 |   0.0
        D:4 |      89 |     261 |  74.6 |      10 |      21 |  67.7
            +---------+---------+-------+---------+---------+-------
